 Dungeon Crawl Stone Soup version 0.27-a0-29-g2d0a2396b0 (webtiles) character file.

Game seed: 7532684815736395429

191 hehateme the Sneak (level 6, -14/38 HPs)
             Began as a Kobold Enchanter on Jan 4, 2021.
             Was an Initiate of Uskayaw.
             Demolished by a sickly merfolk siren
             ... wielding a +0 spear
              (17 damage)
             ... in a sewer.
             The game lasted 00:07:02 (3981 turns).

hehateme the Sneak (Kobold Enchanter)               Turns: 3981, Time: 00:07:03

Health: -14/38     AC:  4    Str:  4 (6)  XL:     6   Next: 2%
Magic:  7/9        EV: 15    Int: 15 (17) God:    Uskayaw [......]
Gold:   123        SH:  0    Dex: 13 (16) Spells: 3/9 levels left

rFire    . . .     SeeInvis .   a - +1 dagger
rCold    . . .     Faith    .   (shield restricted)
rNeg     . . .     Spirit   .   b - +0 robe
rPois    .         Reflect  .   f - +0 helmet
rElec    .         Harm     .   (no cloak)
rCorr    .         Rampage  .   (no gloves)
Will     .....                  l - +0 pair of boots
Stlth    ++........             (no amulet)
HPRegen  0.12/turn              (no ring)
MPRegen  0.11/turn              (no ring)

@: attractive, very slow
A: small, nightstalker 3
a: Renounce Religion


You were in a sewer.
You worshipped Uskayaw.
Uskayaw was noncommittal.
You visited 1 branch of the dungeon, and saw 4 of its levels.
You also visited: Sewer.

You collected 123 gold pieces.

Inventory:

Hand Weapons
 a - a +1 dagger (weapon)
 d - a +0 short sword
Missiles
 j - 6 boomerangs (quivered)
 o - 18 sling bullets
 t - 2 poisoned darts
 v - 40 stones
 w - 8 arrows
 Q - 18 bolts
Armour
 b - a +0 robe (worn)
 f - a +0 helmet (worn)
 l - a +0 pair of boots (worn)
Jewellery
 e - a cursed amulet of inaccuracy {unknown}
Scrolls
 c - a scroll of noise {unknown}
 g - a scroll of fog {unknown}
 h - a scroll of remove curse {unknown}
 k - a scroll of identify {unknown}
 m - a scroll of magic mapping {unknown}
 n - a scroll of enchant weapon {unknown}
 p - a scroll of amnesia {unknown}
 r - a scroll of fear {unknown}
 s - 2 scrolls of immolation {unknown}


   Skills:
 * Level 4.0 Fighting
 - Level 1.3 Short Blades
 - Level 2.4 Dodging
 - Level 4.0 Stealth
 - Level 2.1 Spellcasting
 + Level 4.0 Hexes
 + Level 2.3 Ice Magic


You had 3 spell levels left.
You knew the following spells:

 Your Spells              Type           Power        Failure   Level
a - Ensorcelled Hibernat  Hex/Ice        22%          9%          2
b - Confusing Touch       Hex            13%          13%         3
v - Corona                Hex            14%          4%          1

Your spell library contained the following spells:

 Spells                   Type           Power        Failure   Level
 Tukima's Dance           Hex            13%          13%         3
 Dazzling Flash           Conj/Hex       14%          28%         3


Dungeon Overview and Level Annotations

Branches:
Dungeon (4/15)              Sewer (1/1)
 Temple: D:4-7

Altars:
Fedhas
Hepliaklqana
Uskayaw


Innate Abilities, Weirdness & Mutations

You are small and have problems with some larger weapons.
You are completely attuned to the shadows.


Message History

It was a potion of attraction.
You feel attractive to monsters. The rat closely misses you.
The sickly merfolk siren chants a haunting song.
You resist.
Your unstable footing causes you to fumble your attack.
The rat closely misses you.
The sickly merfolk siren hits you with a +0 spear!
* * * LOW HITPOINT WARNING * * *
You take 8 damage, and have 4/38 hp.
GAME OVER YEAH!!
You hit the rat. The rat bites you.
* * * LOW HITPOINT WARNING * * *
The sickly merfolk siren chants a haunting song.
You resist with almost no effort.
You take 1 damage, and have 3/38 hp.
Your unstable footing causes you to fumble your attack.
The rat splashes around in the water.
The sickly merfolk siren hits you with a +0 spear!
You die...

# ### #∩∩ ###
########## $$..!
#≈≈≈≈≈≈≈≈≈
..≈.?###≈≈≈######
####≈###≈≈≈#.#
#≈@≈≈≈≈≈≈≈##.#
#≈mrr†.......#
#≈≈≈...#######
≈≈≈≈...##
#≈...### ######

Skill      XL: |  1  2  3  4  5  6 |
---------------+-------------------+-----
Fighting       | 1 2 3 4 |  4.0
Ice Magic      | 1 2 |  2.3
Hexes          | 4 |  4.0
Short Blades   | |  1.3
Dodging        | |  2.4
Stealth        | |  4.0
Spellcasting   | |  2.1

Notes
Turn   | Place    | Note
-------+----------+-------------------------------------------
     0 | D:1      | hehateme the Kobold Enchanter began the quest for the Orb.
     0 | D:1      | Reached XP level 1. HP: 10/10 MP: 3/3
   140 | D:1      | Reached skill level 1 in Fighting
   140 | D:1      | Reached XP level 2. HP: 16/16 MP: 5/5
   450 | D:1      | Learned a level 2 spell: Ensorcelled Hibernation
   904 | D:1      | Reached XP level 3. HP: 21/21 MP: 3/6
  1176 | D:2      | Reached skill level 1 in Ice Magic
  1216 | D:2      | Reached skill level 2 in Fighting
  1660 | D:2      | Reached XP level 4. HP: 27/27 MP: 7/7
  2155 | D:3      | Found a hazy altar of Hepliaklqana.
  2509 | D:3      | Found a hide-covered altar of Uskayaw.
  2605 | D:3      | Became a worshipper of Uskayaw the Reveller
  2706 | D:3      | Reached * piety under Uskayaw
  2714 | D:3      | Reached skill level 3 in Fighting
  3111 | D:3      | Noticed a bullfrog
  3115 | D:3      | Reached ** piety under Uskayaw
  3118 | D:3      | Killed a bullfrog
  3119 | D:3      | Reached skill level 2 in Ice Magic
  3119 | D:3      | Reached XP level 5. HP: 33/33 MP: 4/8
  3790 | D:4      | Found a blossoming altar of Fedhas.
  3835 | D:4      | Found a glowing drain.
  3856 | Sewer    | Entered a sewer
  3914 | Sewer    | Reached skill level 4 in Fighting
  3931 | Sewer    | Reached XP level 6. HP: 38/38 MP: 9/9
  3945 | Sewer    | Reached skill level 4 in Hexes
  3951 | Sewer    | Learned a level 3 spell: Confusing Touch
  3979 | Sewer    | HP: 4/38 [sickly merfolk siren/+0 spear (8)]
  3981 | Sewer    | Demolished by a sickly merfolk siren

Table legend: (Time is in decaauts)
 A = Elapsed time spent in this place.
 B = Non-inter-level travel time spent in this place.
 C = Inter-level travel time spent in this place.
 D = Time resting spent in this place.
 E = Time spent auto-exploring this place.
 F = Levels seen in this place.
 G = Mean time per level.
                   A        B        C        D        E       F      G
               +--------+--------+--------+--------+--------+-----+--------+
         Total |   3986 |   3869 |    117 |    521 |   2716 |   5 |  797.2 |
       Dungeon |   3850 |   3733 |    117 |    521 |   2669 |   4 |  962.5 |
         Sewer |    136 |    136 |      0 |      0 |     47 |   1 |  136.0 |
               +--------+--------+--------+--------+--------+-----+--------+

Top non-repeatable levels by time:
     D:3: 1411 daAuts
     D:2: 1194 daAuts
     D:1: 1136 daAuts
   Sewer: 136 daAuts
     D:4: 108 daAuts

Table legend:
 A = Kills in this place as a percentage of kills in entire the game.
 B = Kills by you in this place as a percentage of kills by you in the entire game.
 C = Kills by friends in this place as a percentage of kills by friends in the entire game.
 D = Other kills in this place as a percentage of other kills in the entire game.
 E = Experience gained in this place as a percentage of experience gained in the entire game.
 F = Experience gained in this place divided by the number of levels of this place that you have seen.
                   A       B       C       D       E      F
               +-------+-------+-------+-------+-------+----------------------
         Total | 100.0 | 100.0 |   N/A |   N/A | 100.0 |  54.8
       Dungeon |  82.3 |  82.3 |   N/A |   N/A |  94.5 |  64.8
         Sewer |  17.7 |  17.7 |   N/A |   N/A |   5.5 |  15.0
               +-------+-------+-------+-------+-------+----------------------

Action                   |  1- 3 |  4- 6 || total
-------------------------+-------+-------++-------
Melee: Dagger            |    73 |   109 ||   182
 Cast: Ensorcelled Hiber |    13 |    14 ||    27
Invok: Stomp             |       |     3 ||     3
  Use: Potion            |       |     3 ||     3
 Stab: Sleeping          |    23 |    31 ||    54
       Distracted        |       |     1 ||     1
Armor: Robe              |     4 |    32 ||    36
Dodge: Dodged            |    41 |   102 ||   143

Vanquished Creatures
  A bullfrog (D:3)
  3 adders
  A river rat (D:4)
  An ooze (D:3)
  3 worms
  A dart slug (D:2)
  5 leopard geckos
  An orc (D:3)
  6 ball pythons
  4 bats
  5 giant cockroaches
  8 goblins
  7 hobgoblins
  7 frilled lizards
  6 kobolds
  20 rats
79 creatures vanquished. You could see a sickly merfolk siren and 2 rats.

Levels and vault maps discovered:
D:1:      ncdulo_halloftheorcs, layout_loops_ring
D:2:      layout_loops_cross, chequers_serial_rivers_small_b
D:3:      layout_basic, grunt_temple_overflow_open
D:4:      layout_basic, portal_sewer_entry_a, st_stairs_3, fedhas_altar_2
Sewer:    sewer_sea
